[Event "Titled Tuesday Blitz October 31 Late 2023"]
[White "Ilamparthi A R"]
[Black "Hamitevici, Vladimir"]
[WhiteFideId "45015775"]
[BlackFideId "13902393"]
[WhiteElo "2931"]
[BlackElo "2729"]
[Result "1-0"]
[Round "11"]
[TimeControl "180+1"]
[Date "2023.10.31"]
[WhiteClock "0:00:34"]
[BlackClock "0:00:01"]
[Board "13"]

1. d4 d6 2. Nf3 g6 3. Bf4 Bg7 4. e3 f5 5. h4 Nf6 6. h5 Nxh5 7. Rxh5 gxh5 8. Ng5 c6 9. Qxh5+ Kd7 10. Nc3 Qe8 11. Qh3 Kc7 12. Bc4 e5 13. dxe5 dxe5 14. Bh2 Qg6 15. Qg3 Bf6 16. O-O-O b5 17. Bxb5 cxb5 18. Nxb5+ Kb7 19. Qf3+ Nc6 20. Rd6 e4 21. Qe2 Qxg5 22. Qc4 Bxb2+ 23. Kb1 Bd7 24. Rxd7+ Kb6 25. Bc7+ 1-0


[Site "https://www.chess.com"]

[Event "Titled Tuesday Blitz October 31 Late 2023"]
[White "Ibarra Jerez, Jose Carlos"]
[Black "Luczak, Filip"]
[WhiteFideId "2226332"]
[BlackFideId "1193686"]
[WhiteElo "2923"]
[BlackElo "2676"]
[Result "0-1"]
[Round "11"]
[TimeControl "180+1"]
[Date "2023.10.31"]
[WhiteClock "0:00:20"]
[BlackClock "0:00:30"]
[Board "14"]

1. e4 g6 2. d4 Bg7 3. Nf3 c5 4. dxc5 Na6 5. c3 Nxc5 6. Nbd2 Nf6 7. e5 Ng4 8. Nc4 b5 9. Qd5 Bb7 10. Qxc5 bxc4 11. Bf4 O-O 12. Rd1 Rc8 13. Qxa7 Bxf3 14. gxf3 Nxe5 15. Bxe5 Bxe5 16. Rxd7 Qe8 17. Rxe7 Qb5 18. Qb7 Qa5 19. Qe4 Bxc3+ 20. bxc3 Qxc3+ 21. Ke2 Qb2+ 22. Ke3 Qc1+ 23. Ke2 Rfd8 24. Bh3 Qxh1 25. Bxc8 Qd1+ 26. Ke3 Qd2# 0-1


[Site "https://www.chess.com"]

[Event "Titled Tuesday Blitz October 31 Late 2023"]
[White "Ibadov, Dashgyn"]
[Black "Cordova, Emilio"]
[WhiteFideId "24107514"]
[BlackFideId "3801497"]
[WhiteElo "2631"]
[BlackElo "2918"]
[Result "1-0"]
[Round "11"]
[TimeControl "180+1"]
[Date "2023.10.31"]
[WhiteClock "0:00:05"]
[BlackClock "0:00:38"]
[Board "15"]

1. e4 c5 2. Nf3 b6 3. Nc3 Bb7 4. g3 d6 5. Bg2 e5 6. O-O Be7 7. Nd5 Bxd5 8. exd5 Nf6 9. Nxe5 dxe5 10. d6 Qxd6 11. Bxa8 Nc6 12. d3 O-O 13. Bxc6 Qxc6 14. Bg5 Nd5 15. Bxe7 Nxe7 16. Qe2 Ng6 17. a4 a5 18. b3 Rd8 19. Rae1 Rd4 20. f4 f6 21. fxe5 Nxe5 22. Qf2 Qd6 23. Re4 Rxe4 24. dxe4 h5 25. Qe2 h4 26. Kg2 Qe6 27. gxh4 c4 28. bxc4 Nxc4 29. Rd1 Nd6 30. Qf3 Kh7 31. e5 fxe5 32. Qd3+ Nf5 33. Qe4 Qg6+ 34. Kf2 Qf6 35. Kg1 Kh8 36. Rf1 Qg6+ 37. Kf2 Qh5 38. Kg2 Qg6+ 39. Kh3 Ne7 40. Qxg6 Nxg6 41. Rb1 Nf4+ 42. Kg4 Nd5 43. Rb5 Nc3 44. Rxb6 Nxa4 45. Rb5 Nc3 46. Rxa5 e4 47. Rc5 Nd1 48. Re5 e3 49. Kf3 Kg8 50. Rxe3 Kf7 51. c4 1-0


[Site "https://www.chess.com"]

[Event "Titled Tuesday Blitz October 31 Late 2023"]
[White "Zhigalko, Sergei"]
[Black "Tologon tegin, Semetei"]
[WhiteFideId "13502956"]
[BlackFideId "13800574"]
[WhiteElo "2908"]
[BlackElo "2579"]
[Result "1-0"]
[Round "11"]
[TimeControl "180+1"]
[Date "2023.10.31"]
[WhiteClock "0:01:08"]
[BlackClock "0:00:00"]
[Board "16"]

1. e4 Nc6 2. Nf3 Nf6 3. e5 Nd5 4. d4 d6 5. Bb5 Bd7 6. c4 Nb6 7. O-O dxe5 8. d5 Nd4 9. Bxd7+ Nxd7 10. Nxd4 exd4 11. Qxd4 Nf6 12. Re1 Qd7 13. Bg5 O-O-O 14. Qxa7 Qg4 15. Qa8+ Kd7 16. Qa4+ Kc8 17. Be3 e6 18. h3 Qh4 19. Nc3 exd5 20. Qa8+ Kd7 21. Qxb7 Qxc4 22. Rac1 Qc6 23. Qxc6+ Kxc6 24. Nxd5+ 1-0


[Site "https://www.chess.com"]

[Event "Titled Tuesday Blitz October 31 Late 2023"]
[White "Korpics, Zsolt"]
[Black "Grigoriants, Sergey"]
[WhiteFideId "705241"]
[BlackFideId "4130804"]
[WhiteElo "2458"]
[BlackElo "2897"]
[Result "0-1"]
[Round "11"]
[TimeControl "180+1"]
[Date "2023.10.31"]
[WhiteClock "0:00:00"]
[BlackClock "0:00:25"]
[Board "17"]

1. e4 e6 2. d4 d5 3. Bd3 dxe4 4. Bxe4 Nf6 5. Bf3 c5 6. Ne2 Nc6 7. Be3 Nd5 8. Bxd5 Qxd5 9. Nbc3 Qxg2 10. Rg1 Qf3 11. Nb5 cxd4 12. Nc7+ Ke7 13. Nxd4 Qxd1+ 14. Rxd1 Rb8 15. Nxc6+ bxc6 16. Bxa7 Rb7 17. Bc5+ Kf6 18. Ne8+ Ke5 19. Rg5+ f5 20. Bd4+ Kf4 21. Be3+ Ke5 22. f4+ Ke4 23. Rg3 Rd7 24. Bd2 Bc5 25. Nxg7 e5 26. Nh5 Rf8 27. fxe5 f4 28. Rg4 Rdf7 29. Ng3+ Kf3 30. Rg5 Bf2+ 31. Kf1 Ba6+ 0-1


[Site "https://www.chess.com"]

[Event "Titled Tuesday Blitz October 31 Late 2023"]
[White "Krzyzanowski, Marcin"]
[Black "Rosen, Eric"]
[WhiteFideId "1132199"]
[BlackFideId "2032562"]
[WhiteElo "2764"]
[BlackElo "2664"]
[Result "0-1"]
[Round "11"]
[TimeControl "180+1"]
[Date "2023.10.31"]
[WhiteClock "0:00:03"]
[BlackClock "0:00:10"]
[Board "18"]

1. Nf3 d5 2. g3 Nf6 3. Bg2 e6 4. O-O Be7 5. c4 dxc4 6. Qa4+ Nbd7 7. Qxc4 a6 8. Qc2 c5 9. Nc3 O-O 10. d4 b5 11. dxc5 Nxc5 12. b4 Nb7 13. Ne5 Qc7 14. Nc6 Bd6 15. a4 bxa4 16. b5 Bd7 17. Rxa4 Nc5 18. Rh4 g6 19. Bg5 Nh5 20. Rd1 Rfc8 21. Rhd4 Bxc6 22. Bxc6 Be5 23. R4d2 Rab8 24. f4 Bg7 25. Ne4 Nxe4 26. Qxe4 axb5 27. Bd7 Qb6+ 28. Kg2 Rf8 29. Be7 Nf6 30. Qd3 Nxd7 31. Qxd7 Rfe8 32. Bd6 Qb7+ 33. Qxb7 Rxb7 34. Bb4 Bf8 35. Ba5 b4 36. Rd8 Rxd8 37. Rxd8 Kg7 38. Kf3 b3 39. Bc3+ f6 40. Bb2 Kf7 41. Rd3 Be7 42. e4 h5 43. e5 Rb5 44. exf6 Bxf6 45. Rd7+ Ke8 46. Rd2 Bxb2 47. Rxb2 Ke7 48. Ke4 Kf6 49. h3 Rb4+ 50. Kf3 g5 51. fxg5+ Kxg5 52. Ke3 Rb8 53. Kf3 e5 54. Ke4 Rb5 55. Ke3 Kf5 56. Rf2+ Ke6 57. Rb2 Kd5 58. g4 hxg4 59. hxg4 Rb4 60. g5 Ke6 61. g6 Kf6 62. Rg2 Kg7 63. Rb2 Kxg6 64. Kd3 Kf5 65. Kc3 Rb8 66. Rf2+ Ke4 67. Kb2 Ke3 68. Rf1 e4 69. Re1+ Kd3 70. Kc1 e3 71. Rd1+ Ke2 72. Rh1 b2+ 73. Kb1 Kd2 74. Rh7 e2 75. Rd7+ Ke1 76. Re7 Rb4 77. Re6 Kf2 78. Rf6+ Ke3 79. Re6+ Re4 80. Rc6 e1=Q+ 81. Ka2 b1=Q+ 82. Ka3 Qa1+ 83. Kb3 Qeb1# 0-1


[Site "https://www.chess.com"]

[Event "Titled Tuesday Blitz October 31 Late 2023"]
[White "Korchmar, Vasiliy"]
[Black "Pinheiro, Iung Alicio de O."]
[WhiteFideId "24131750"]
[BlackFideId "2104350"]
[WhiteElo "2743"]
[BlackElo "2647"]
[Result "1-0"]
[Round "11"]
[TimeControl "180+1"]
[Date "2023.10.31"]
[WhiteClock "0:01:27"]
[BlackClock "0:00:00"]
[Board "19"]

1. e4 e5 2. Nf3 Nc6 3. Nc3 Nf6 4. Bb5 Nd4 5. O-O Nxb5 6. Nxb5 c6 7. Nc3 d6 8. d4 Qc7 9. Bg5 Be7 10. a4 a5 11. d5 O-O 12. Qd3 Bg4 13. Nd2 h6 14. Bxf6 Bxf6 15. Nc4 Be7 16. h3 Bc8 17. Rfd1 c5 18. Nxe5 Qd8 19. Nc4 b6 20. e5 Ba6 21. Nb5 Bxb5 22. axb5 dxe5 23. Nxe5 Bd6 24. Nc4 Qf6 25. Nxb6 Rad8 26. Nc4 Bc7 27. d6 Bb8 28. Rxa5 Rfe8 29. Ra6 Re6 30. d7 Rxa6 31. bxa6 Qxa6 32. Qe4 Qb5 33. Qe7 Bc7 34. b3 Qc6 35. h4 Qg6 36. Ne5 Qf5 37. Nc6 Qf4 38. g3 Qf3 39. Nxd8 Qxd1+ 40. Kh2 Qd2 41. Qxf7+ Kh7 42. Ne6 Bxg3+ 43. Kxg3 Qc3+ 44. Kg2 1-0


[Site "https://www.chess.com"]

[Event "Titled Tuesday Blitz October 31 Late 2023"]
[White "Maximov, Dmitry"]
[Black "Zeynalli, Rashad"]
[WhiteFideId "14105659"]
[BlackFideId "13403320"]
[WhiteElo "2739"]
[BlackElo "2645"]
[Result "1-0"]
[Round "11"]
[TimeControl "180+1"]
[Date "2023.10.31"]
[WhiteClock "0:01:48"]
[BlackClock "0:00:50"]
[Board "20"]

1. e4 c5 2. Nf3 d6 3. Bb5+ Bd7 4. a4 Bxb5 5. axb5 Nf6 6. Nc3 g6 7. d4 cxd4 8. Qxd4 a6 9. e5 dxe5 10. Qxd8+ Kxd8 11. Nxe5 Ke8 12. O-O Nbd7 13. Re1 Nxe5 14. Rxe5 e6 15. bxa6 bxa6 16. Rea5 Bb4 17. Rxa6 Rc8 18. Nb5 Nd5 19. c3 Bc5 20. Bh6 f6 21. Rxe6+ Kf7 22. Ree1 g5 23. h4 gxh4 24. Rad1 Ne7 25. Bf4 Rhg8 26. b4 Rg4 27. bxc5 1-0


[Site "https://www.chess.com"]

[Event "Titled Tuesday Blitz October 31 Late 2023"]
[White "Bjelobrk, Igor"]
[Black "Blanco Ronquillo, Humberto L."]
[WhiteFideId "4300726"]
[BlackFideId "3504239"]
[WhiteElo "2642"]
[BlackElo "2729"]
[Result "0-1"]
[Round "11"]
[TimeControl "180+1"]
[Date "2023.10.31"]
[WhiteClock "0:00:42"]
[BlackClock "0:01:27"]
[Board "21"]

1. d4 d5 2. c4 e6 3. Nf3 Nf6 4. g3 dxc4 5. Bg2 c5 6. O-O Nc6 7. dxc5 Qxd1 8. Rxd1 Bxc5 9. Nbd2 c3 10. bxc3 O-O 11. Nb3 Be7 12. Nfd4 Nxd4 13. Rxd4 e5 14. Rd1 Rb8 15. Na5 Bg4 16. Bxb7 Bd8 17. Nc6 Rxb7 18. Nxd8 Rc7 19. Ba3 Re8 20. f3 Bd7 21. Bd6 Rxc3 22. Nb7 Rc2 23. e4 Bh3 24. Nc5 Rg2+ 25. Kh1 Rf2 26. Rd3 h5 27. Kg1 Rg2+ 28. Kh1 Rc2 29. a3 Rc8 30. Nb3 Re2 31. Nc5 h4 32. g4 Nh7 33. Rad1 Ng5 34. R3d2 Bg2+ 35. Kg1 Nh3# 0-1


[Site "https://www.chess.com"]

[Event "Titled Tuesday Blitz October 31 Late 2023"]
[White "Yelisieiev, Yevhenii"]
[Black "Erenberg, Ariel"]
[WhiteFideId "14139642"]
[BlackFideId "2811634"]
[WhiteElo "2636"]
[BlackElo "2723"]
[Result "1-0"]
[Round "11"]
[TimeControl "180+1"]
[Date "2023.10.31"]
[WhiteClock "0:00:07"]
[BlackClock "0:00:30"]
[Board "22"]

1. d4 Nf6 2. Nf3 d5 3. c4 e6 4. Nc3 Bb4 5. Bg5 h6 6. Bxf6 Qxf6 7. e3 O-O 8. Rc1 c6 9. Qb3 a5 10. cxd5 exd5 11. Bd3 Re8 12. O-O Nd7 13. Na4 Bd6 14. Nc5 Nxc5 15. dxc5 Bc7 16. Rfe1 a4 17. Qc3 Qxc3 18. bxc3 Bg4 19. Nd4 Ra5 20. Rb1 Rb8 21. c4 dxc4 22. Bxc4 Rxc5 23. Rec1 Kf8 24. f3 Bd7 25. Kf2 Ke7 26. Bd3 Rxc1 27. Rxc1 g6 28. Rc4 Ra8 29. Bc2 b5 30. Nxb5 cxb5 31. Rxc7 Kd6 32. Rb7 Rc8 33. Bd3 Rc5 34. Ke2 f5 35. Kd2 Kc6 36. Rb8 Kc7 37. Rg8 g5 38. Rg7 Kd6 39. Rg6+ Be6 40. Rxh6 b4 41. g4 fxg4 42. fxg4 Ke7 43. Rh7+ Kf6 44. Rh6+ Ke5 45. Rg6 Bxa2 46. Rxg5+ Kd6 47. Rxc5 Kxc5 48. h4 a3 49. h5 Be6 50. Kc1 b3 51. h6 b2+ 52. Kb1 Kb4 53. h7 Kb3 54. Bc2+ Kc3 55. h8=Q+ Kd2 56. Qd4+ Ke2 57. Qd3+ Kf2 58. Qxa3 Bxg4 59. e4 Be2 60. e5 Bc4 61. Qxb2 Ba2+ 62. Kxa2 Ke3 63. e6 Kf4 64. e7 Kg5 65. e8=Q Kf4 66. Qf6+ Kg3 67. Qg8+ Kh2 68. Qfh8# 1-0


[Site "https://www.chess.com"]

[Event "Titled Tuesday Blitz October 31 Late 2023"]
[White "Sivakumar, Shaaketh"]
[Black "Tanenbaum, Zachary"]
[WhiteFideId "30940176"]
[BlackFideId "2060850"]
[WhiteElo "2633"]
[BlackElo "2705"]
[Result "1-0"]
[Round "11"]
[TimeControl "180+1"]
[Date "2023.10.31"]
[WhiteClock "0:00:37"]
[BlackClock "0:00:05"]
[Board "23"]

1. Nf3 d5 2. d4 Nf6 3. Bf4 c5 4. e3 Nc6 5. Nbd2 cxd4 6. exd4 Bf5 7. c3 e6 8. Be2 Bd6 9. Bxd6 Qxd6 10. Nh4 Be4 11. Nxe4 dxe4 12. g3 g5 13. Ng2 e5 14. dxe5 Qxe5 15. Ne3 Rd8 16. Qb3 Rd7 17. h4 gxh4 18. Rxh4 O-O 19. Kf1 Ne7 20. Ng4 Nxg4 21. Rxg4+ Ng6 22. Qc4 Re8 23. Re1 Kh8 24. Qa4 Rde7 25. Bb5 Qh5 26. Rxg6 Rd8 27. Rf6 e3 28. Qh4 Qxb5+ 29. Kg2 Rd2 30. Rf3 exf2 31. Rxf2 Rxe1 32. Qf6+ Kg8 33. Qxf7+ Kh8 34. Qf8# 1-0


[Site "https://www.chess.com"]

[Event "Titled Tuesday Blitz October 31 Late 2023"]
[White "Zavgorodniy, Sergiy"]
[Black "Krishnan, Varun"]
[WhiteFideId "14110148"]
[BlackFideId "5054508"]
[WhiteElo "2689"]
[BlackElo "2625"]
[Result "1-0"]
[Round "11"]
[TimeControl "180+1"]
[Date "2023.10.31"]
[WhiteClock "0:01:00"]
[BlackClock "0:00:00"]
[Board "24"]

1. d4 Nf6 2. c4 e6 3. Nf3 d5 4. e3 c5 5. dxc5 Bxc5 6. a3 a6 7. b4 Ba7 8. Bb2 O-O 9. Nbd2 Nc6 10. Be2 dxc4 11. Bxc4 b5 12. Be2 Bb7 13. O-O Qe7 14. Qb3 e5 15. Rac1 Rfe8 16. Rfd1 e4 17. Nh4 g6 18. Rxc6 Bxc6 19. Qc3 Bd5 20. Qxf6 Qxf6 21. Bxf6 Rac8 22. Nf1 Bc4 23. Bg4 Be6 24. Bxe6 Rxe6 25. Ba1 Rec6 26. Rd7 R6c7 27. Rd6 Rc1 28. Bb2 Rb1 29. Bf6 Bb8 30. Rd7 Rb3 31. g4 Rxa3 32. Nd2 a5 33. bxa5 Rxa5 34. Nxe4 b4 35. Bd4 Be5 36. Nf6+ Bxf6 37. Bxf6 b3 38. Rb7 Ra3 39. g5 Rca8 40. Kg2 Rc8 41. Nf3 h5 42. gxh6 Ra6 43. Bg7 1-0


[Site "https://www.chess.com"]

[Event "Titled Tuesday Blitz October 31 Late 2023"]
[White "Goltsev, Dmitry"]
[Black "Howell, David W L"]
[WhiteFideId "24176710"]
[BlackFideId "410608"]
[WhiteElo "2666"]
[BlackElo "2976"]
[Result "0-1"]
[Round "11"]
[TimeControl "180+1"]
[Date "2023.10.31"]
[WhiteClock "0:00:00"]
[BlackClock "0:00:16"]
[Board "25"]

1. e4 e6 2. d4 d5 3. exd5 exd5 4. Nf3 Bd6 5. c4 Nf6 6. Nc3 O-O 7. Be2 dxc4 8. Bxc4 Re8+ 9. Be3 Nbd7 10. O-O Nb6 11. Bb3 Bg4 12. h3 Bh5 13. Bg5 c6 14. Rc1 Bc7 15. a3 Qd6 16. g3 Nfd5 17. Nxd5 Nxd5 18. Qd3 h6 19. Bd2 Qd7 20. Kg2 Bg6 21. Qc4 Be4 22. Bd1 Qf5 23. Qb3 Bb6 24. Kh2 Re6 25. Ne5 Re7 26. f3 Bb1 27. Be2 Bxd4 28. f4 Bxe5 29. Rxb1 Bd4 30. Bd3 Qf6 31. Rbe1 Rae8 32. Rxe7 Rxe7 33. Re1 Rxe1 34. Bxe1 b5 35. a4 a6 36. axb5 axb5 37. Qa3 g6 38. Qa8+ Kg7 39. b3 h5 40. Bd2 h4 41. Be4 hxg3+ 42. Kxg3 Qe6 43. Bf3 Ne7 44. Qd8 Nf5+ 45. Kg2 Bf6 46. Kf2 Bxd8 0-1


[Site "https://www.chess.com"]

[Event "Titled Tuesday Blitz October 31 Late 2023"]
[White "Gurevich, Dmitry"]
[Black "Kazakouski, Valery"]
[WhiteFideId "2000407"]
[BlackFideId "13507443"]
[WhiteElo "2566"]
[BlackElo "2872"]
[Result "0-1"]
[Round "11"]
[TimeControl "180+1"]
[Date "2023.10.31"]
[WhiteClock "0:00:00"]
[BlackClock "0:01:11"]
[Board "26"]

1. d4 Nf6 2. c4 e6 3. Nf3 d5 4. e3 b6 5. Nc3 Bb7 6. Be2 a6 7. O-O Bd6 8. b3 Nbd7 9. Bb2 O-O 10. Rc1 Qe7 11. h3 Rae8 12. Re1 Ne4 13. Nxe4 dxe4 14. Ne5 Nxe5 15. dxe5 Bb4 16. Bc3 Bxc3 17. Rxc3 Rd8 18. Qa1 Rd2 19. c5 Rfd8 20. cxb6 cxb6 21. Qc1 Rxa2 22. Rc7 Qb4 23. Rxb7 g6 24. Rd1 Rxd1+ 25. Qxd1 Kg7 26. Qd7 Qe1+ 27. Kh2 Qxf2 0-1


[Site "https://www.chess.com"]

[Event "Titled Tuesday Blitz October 31 Late 2023"]
[White "Kashefi, Amir Hosein"]
[Black "Kamsky, Gata"]
[WhiteFideId "12557935"]
[BlackFideId "2000024"]
[WhiteElo "2599"]
[BlackElo "2813"]
[Result "0-1"]
[Round "11"]
[TimeControl "180+1"]
[Date "2023.10.31"]
[WhiteClock "0:00:00"]
[BlackClock "0:00:29"]
[Board "27"]

1. Nf3 Nf6 2. g3 d5 3. Bg2 c6 4. O-O Bf5 5. b3 e6 6. Bb2 h6 7. d3 Bh7 8. Nbd2 a5 9. a3 Be7 10. c4 O-O 11. Qc2 Nbd7 12. Rfe1 Bc5 13. e3 Re8 14. Rad1 Qe7 15. Nb1 b5 16. Qc1 Rec8 17. Bxf6 Qxf6 18. d4 Bf8 19. c5 g5 20. h4 g4 21. Nh2 h5 22. Bf1 e5 23. Bd3 Bxd3 24. Rxd3 Qg6 25. Rd2 Bg7 26. Nf1 Re8 27. Rdd1 f5 28. Nc3 Re7 29. dxe5 Nxe5 30. Nh2 Nf3+ 31. Nxf3 gxf3 32. Qd2 Kh8 33. Nxd5 cxd5 34. Qxd5 Rc8 35. Qxf3 Rxc5 36. Qa8+ Kh7 37. Qxa5 Bc3 38. Qd8 Rg7 39. Re2 Bf6 40. Qd6 Rc3 41. a4 Rxb3 42. axb5 Rxb5 43. Rc2 f4 44. Qd3 Qxd3 45. Rxd3 fxg3 46. f4 Bxh4 47. Kg2 Bf6 48. Rd6 Be7 49. Re6 h4 50. e4 h3+ 51. Kxh3 Rh5+ 52. Kg2 Rh2+ 53. Kf3 Rxc2 54. f5 Rf2+ 0-1


[Site "https://www.chess.com"]

[Event "Titled Tuesday Blitz October 31 Late 2023"]
[White "Sanchez Alvares, Kelvin Antonio"]
[Black "Djokic, Mihailo"]
[WhiteFideId "3906680"]
[BlackFideId "976440"]
[WhiteElo "2597"]
[BlackElo "2720"]
[Result "0-1"]
[Round "11"]
[TimeControl "180+1"]
[Date "2023.10.31"]
[WhiteClock "0:00:05"]
[BlackClock "0:01:57"]
[Board "28"]

1. e4 c5 2. Nf3 d6 3. d4 cxd4 4. Nxd4 Nf6 5. Nc3 g6 6. f3 Bg7 7. Be3 O-O 8. Bc4 Nc6 9. Bb3 Bd7 10. h4 h5 11. Qd2 Rc8 12. O-O-O Ne5 13. g4 hxg4 14. h5 Nxh5 15. Bh6 Kh7 16. Bxg7 Kxg7 17. fxg4 Bxg4 18. Rdg1 Rh8 19. Nf5+ Bxf5 20. exf5 Nf3 21. Qd5 Ne5 22. fxg6 fxg6 23. Qe6 Nf4 24. Rxh8 Kxh8 25. Rh1+ Kg7 0-1


[Site "https://www.chess.com"]

[Event "Titled Tuesday Blitz October 31 Late 2023"]
[White "Annaberdiyev, Meylis"]
[Black "Likvidator228"]
[WhiteFideId "14000563"]
[WhiteElo "2697"]
[BlackElo "2568"]
[Result "1-0"]
[Round "11"]
[TimeControl "180+1"]
[Date "2023.10.31"]
[WhiteClock "0:00:27"]
[BlackClock "0:00:20"]
[Board "29"]

1. e4 c5 2. Nf3 g6 3. c3 d5 4. exd5 Qxd5 5. d4 Bg7 6. Na3 Nf6 7. Nb5 Na6 8. Be3 cxd4 9. Qxd4 O-O 10. Qxd5 Nxd5 11. Bd2 Bg4 12. Be2 Nc5 13. h3 Bxf3 14. Bxf3 Nd3+ 15. Ke2 N5f4+ 16. Kf1 a6 17. Na3 g5 18. h4 Ne5 19. hxg5 Nxf3 20. gxf3 Ne6 21. Be3 b5 22. Nc2 Rfd8 23. f4 Rd5 24. Ke2 f6 25. Rad1 Rad8 26. Rxd5 Rxd5 27. Nb4 Rd6 28. Rd1 Rxd1 29. Kxd1 a5 30. Nc6 a4 31. Nxe7+ Kf7 32. Nf5 Bf8 33. Ke2 Kg6 34. Ng3 fxg5 35. f5+ Kf6 36. fxe6 g4 37. Ne4+ Kxe6 38. Ng5+ Kd5 39. Nxh7 Be7 40. Kd3 b4 41. c4+ Ke5 42. b3 axb3 43. axb3 Kf5 44. c5 Kg6 45. Ng5 Bxc5 46. Bxc5 Kxg5 47. Bxb4 Kf4 48. Bd6+ Kf3 49. Bg3 1-0


[Site "https://www.chess.com"]

[Event "Titled Tuesday Blitz October 31 Late 2023"]
[White "Jaskolka, Tomasz"]
[Black "Burke, Carol Ann"]
[WhiteFideId "1170791"]
[BlackFideId "11104643"]
[WhiteElo "2594"]
[BlackElo "2693"]
[Result "0-1"]
[Round "11"]
[TimeControl "180+1"]
[Date "2023.10.31"]
[WhiteClock "0:00:02"]
[BlackClock "0:00:09"]
[Board "30"]

1. e4 c5 2. Nf3 e6 3. b4 cxb4 4. d4 Nf6 5. Bd3 d6 6. a3 Bd7 7. axb4 Bc6 8. Qe2 d5 9. e5 Ne4 10. c3 Be7 11. O-O O-O 12. b5 Bd7 13. Bxe4 dxe4 14. Qxe4 Bxb5 15. Qxb7 Bc6 16. Qb3 Bxf3 17. gxf3 Nd7 18. Ba3 Bxa3 19. Nxa3 Qg5+ 20. Kh1 Qf4 21. Qd1 f6 22. Nc4 fxe5 23. Nxe5 Nxe5 24. dxe5 Qxe5 25. Rg1 Qxc3 26. Rg3 a5 27. Rc1 Qf6 28. Rc7 Rf7 29. Rc6 a4 30. Qe2 Re7 31. Rc2 a3 32. Ra2 Rea7 33. Qe3 h6 34. Kg2 Qf5 35. Rg4 Qd5 36. Ra1 Kh8 37. Qc3 a2 38. h3 Qf5 39. Rg3 Qf6 40. Qxf6 gxf6 41. Rg6 Rb7 42. Rxf6 Rb1 43. Rxa2 Rxa2 44. Rxh6+ Kg7 45. Rxe6 Rbb2 46. Kg3 Rxf2 47. Re4 Rg2+ 48. Kh4 Rg6 49. Rb4 Rag2 50. Rb7+ Kf6 51. Rb6+ Kf5 52. Rb5+ Kf4 53. Rb4+ Kxf3 54. Rb3+ Ke4 55. Rb4+ Kd5 56. Kh5 R2g5+ 57. Kh4 Rg1 58. Kh5 Rg8 59. Rg4 R1xg4 60. hxg4 Ke6 61. g5 Kf7 62. Kh6 Rh8# 0-1


[Site "https://www.chess.com"]

[Event "Titled Tuesday Blitz October 31 Late 2023"]
[White "Aldokhin, Ivan"]
[Black "Leiva, Gianmarco"]
[WhiteFideId "24115720"]
[BlackFideId "3804399"]
[WhiteElo "2563"]
[BlackElo "2688"]
[Result "1-0"]
[Round "11"]
[TimeControl "180+1"]
[Date "2023.10.31"]
[WhiteClock "0:00:50"]
[BlackClock "0:00:00"]
[Board "31"]

1. e4 c5 2. Nf3 d6 3. d4 cxd4 4. Nxd4 Nf6 5. Nc3 a6 6. Bc4 e6 7. Bb3 b5 8. O-O Be7 9. Qf3 Qb6 10. Be3 Qb7 11. Qg3 Nbd7 12. f3 O-O 13. Nd5 Bd8 14. Bh6 Nh5 15. Qg4 Ndf6 16. Nxf6+ Bxf6 17. Be3 g6 18. Rad1 Bxd4 19. Bxd4 e5 20. Qg5 exd4 21. Bd5 Qa7 22. Bxa8 d3+ 23. Kh1 dxc2 24. Rxd6 Qxa8 25. Rc1 Be6 26. Rxc2 Bxa2 27. Rcc6 Ng7 28. Rxa6 Qc8 29. Rxa2 Ne6 30. Qd2 Qc4 31. Ra1 h5 32. h3 h4 33. Rc1 Qa4 34. Rxe6 fxe6 35. Qh6 1-0


[Site "https://www.chess.com"]

[Event "Titled Tuesday Blitz October 31 Late 2023"]
[White "Sturt, Raven"]
[Black "Piesik, Piotr"]
[WhiteFideId "2007304"]
[BlackFideId "1136194"]
[WhiteElo "2556"]
[BlackElo "2672"]
[Result "1-0"]
[Round "11"]
[TimeControl "180+1"]
[Date "2023.10.31"]
[WhiteClock "0:00:09"]
[BlackClock "0:00:00"]
[Board "32"]

1. f4 d5 2. Nf3 c6 3. e3 Nd7 4. b3 Ngf6 5. Bb2 e6 6. Rg1 h5 7. d3 Bd6 8. Nbd2 Qc7 9. c4 e5 10. c5 Bxc5 11. fxe5 Ng4 12. d4 Be7 13. Qe2 f6 14. e4 fxe5 15. exd5 cxd5 16. dxe5 Bc5 17. Rc1 Qb6 18. Rxc5 Nxc5 19. Bd4 Bf5 20. h3 Nh6 21. Qe3 Rc8 22. Nh4 O-O 23. Be2 Qb4 24. g4 Nd3+ 25. Bxd3 Rc1+ 26. Ke2 Rxg1 27. gxf5 Rh1 28. Ndf3 Ng4 29. hxg4 hxg4 30. Bc5 gxf3+ 31. Nxf3 Qa5 32. Bxf8 Qxa2+ 33. Qd2 Qxd2+ 34. Kxd2 Kxf8 35. Ke3 1-0


[Site "https://www.chess.com"]

[Event "Titled Tuesday Blitz October 31 Late 2023"]
[White "Mendez Fortes, Eduardo Jesus"]
[Black "Toncheva, Nadya"]
[WhiteFideId "3502376"]
[BlackFideId "2924056"]
[WhiteElo "2668"]
[BlackElo "2543"]
[Result "0-1"]
[Round "11"]
[TimeControl "180+1"]
[Date "2023.10.31"]
[WhiteClock "0:00:10"]
[BlackClock "0:00:24"]
[Board "33"]

1. e4 c5 2. Nf3 Nc6 3. d4 cxd4 4. Nxd4 g6 5. c4 Bg7 6. Be3 Nf6 7. Nc3 O-O 8. Be2 d6 9. O-O Bd7 10. Qd2 Nxd4 11. Bxd4 Bc6 12. f3 a5 13. b3 Nd7 14. Be3 Nc5 15. Rab1 Qb6 16. Rfc1 Rfc8 17. Bf1 h5 18. Rc2 Kh7 19. a3 Qd8 20. Ne2 Qh8 21. Nf4 a4 22. b4 Nb3 23. Qf2 Bd4 24. Rd1 Bxe3 25. Qxe3 Qf6 26. b5 e5 27. Nd3 Bxb5 28. Nb4 Bc6 29. g3 Nd4 30. Rc3 Qe7 31. Rcd3 Qf8 32. Rxd4 exd4 33. Qxd4 Rd8 34. Bd3 Qg7 35. Qe3 Qe5 36. Bb1 Qc5 37. Kf2 Kg7 38. Rd4 Re8 39. Kf1 Rac8 40. Qc3 Kg8 41. Qd3 b5 42. Ba2 bxc4 43. Bxc4 Bd7 44. Kg2 Be6 45. Bb5 Red8 46. Bxa4 Qc1 47. Qd2 Qxa3 48. Bd1 Qc3 49. Qf2 Rc4 50. Rxc4 Bxc4 51. Nc6 Ra8 52. Kh3 Be6+ 53. Kh4 Qf6# 0-1


[Site "https://www.chess.com"]

[Event "Titled Tuesday Blitz October 31 Late 2023"]
[White "Tikhonov, Viacheslav"]
[Black "reevecanada"]
[WhiteFideId "44196407"]
[WhiteElo "2522"]
[BlackElo "2636"]
[Result "1-0"]
[Round "11"]
[TimeControl "180+1"]
[Date "2023.10.31"]
[WhiteClock "0:00:14"]
[BlackClock "0:00:30"]
[Board "34"]

1. e4 c6 2. d4 d5 3. exd5 cxd5 4. Bd3 Nf6 5. h3 Nc6 6. c3 g6 7. Nf3 Bg7 8. O-O O-O 9. Re1 b6 10. Bf4 Bb7 11. Nbd2 e6 12. Qe2 Re8 13. Ne5 Nxe5 14. Bxe5 Nd7 15. Bxg7 Kxg7 16. Nf3 Qc7 17. Bb5 Bc6 18. Ba6 f6 19. Bb5 Bb7 20. Bxd7 Qxd7 21. Qe3 a5 22. Qf4 Re7 23. Re3 Rae8 24. Rae1 Qa4 25. Qd6 Qc6 26. Qxc6 Bxc6 27. g3 b5 28. a3 a4 29. R1e2 h6 30. Ne1 e5 31. dxe5 Rxe5 32. Rxe5 Rxe5 33. Rxe5 fxe5 34. Nd3 Kf6 35. Kf1 g5 36. Ke2 h5 37. h4 gxh4 38. gxh4 Kf5 39. Ke3 Bd7 40. f3 Bc6 41. Nb4 Bb7 42. Nd3 Bc8 43. Nc5 Be6 44. Na6 Bd7 45. Nb4 Ke6 46. f4 exf4+ 47. Kxf4 Kd6 48. Nd3 Be8 49. Kg5 d4 50. Nf4 dxc3 51. bxc3 Kc5 52. Nxh5 Kc4 53. Ng7 Bf7 54. Kf6 Bg8 55. h5 Kxc3 56. Nf5 b4 57. Kg7 Bb3 58. h6 bxa3 59. h7 a2 60. h8=Q Kb2 61. Kg6+ Kb1 62. Qh1+ Kb2 63. Qg2+ Bc2 64. Qb7+ Ka3 65. Qg7 Kb3 66. Qa1 Bb1 67. Kg5 Kc2 68. Kf4 Kd3 69. Ne3 a3 70. Nd5 Kc4 71. Nc7 Kc5 72. Ne8 Kc6 73. Ng7 Kd6 74. Nh5 Kd5 75. Ng3 Kc4 76. Kf3 Kb3 77. Ke3 Kc2 78. Kd4 Kb3 79. Nh5 Kc2 80. Nf6 Kb3 81. Nd7 Kc2 82. Nc5 Kc1 83. Kc3 Kd1 84. Kb3 Kc1 85. Kxa3 Kc2 86. Kb4 Kd2 87. Na4 Kc2 88. Nc3 Kd3 89. Nxa2 1-0


[Site "https://www.chess.com"]